Map: Terraform LE (Void)

Players

iQuitBYE

  • Race: Protoss Protoss
  • League: Grandmaster

MoonLjth

  • Race: Protoss Protoss
  • League: Platinum

Polybius - Winner!

  • Race: Terran Terran
  • League: Silver

ThanksObama - Winner!

  • Race: Terran Terran
  • League: Grandmaster

VOD

Have the link to the VOD?

Description

Time

  • Played on: Oct. 2, 2015, 6:08 p.m.
  • Length: 12:46
Show
View Real Time Build Order
Export as new Build Order

iQuitBYE Protoss 

Build Orders: 1 Gate Expand 

Get SALT Encoding   

  12  0:02  Probe (Chrono Boost)  
  13  0:14  Pylon  
  13  0:18  Probe (Chrono Boost)  
  14  0:29  Probe (Chrono Boost)  
  15  0:35  Gateway  
  15  0:40  Probe (Chrono Boost)  
  16  0:46  Assimilator  
  16  0:51  Probe (Chrono Boost)  
  17  1:01  Probe (Chrono Boost)  
  18  1:12  Probe (Chrono Boost)  
  19  1:32  Probe (Chrono Boost)  
  20  1:34  Nexus  
  20  1:42  Cybernetics Core  
  20  1:55  Probe (Chrono Boost), Pylon  
  20  1:59  Assimilator  
  21  2:07  Probe (Chrono Boost)  
  22  2:17  Probe (Chrono Boost)  
  22  2:19  Warp Gate  
  23  2:29  Mothership Core (Chrono Boost)  
  25  2:37  Robotics Facility  
  25  2:39  Adept  
  26  2:47  Probe (Chrono Boost)  
  26  2:48  Probe (Chrono Boost)  
  28  2:57  Probe (Chrono Boost)  
  29  3:01  Probe (Chrono Boost), Pylon  
  29  3:03  Stalker  
  30  3:08  Probe (Chrono Boost)  
  33  3:30  Immortal  
  33  3:34  Stalker  
  33  3:36  Mothership Core (Chrono Boost)  
  33  3:38  Probe (Chrono Boost)  
  41  3:48  Probe (Chrono Boost)  
  42  3:56  Probe (Chrono Boost)  
  42  3:59  Probe (Chrono Boost)  
  43  4:05  Pylon  
  43  4:08  Gateway, Probe (Chrono Boost)  
  43  4:09  Probe (Chrono Boost)  
  45  4:20  Probe x2 (Chrono Boost)  
  45  4:22  Gateway  
  47  4:30  Probe (Chrono Boost)  
  48  4:32  Probe (Chrono Boost)  
  48  4:38  Observer  
  48  4:41  Probe (Chrono Boost)  
  48  4:44  Probe (Chrono Boost)  
  51  4:48  Assimilator  
  51  4:50  Twilight Council, Assimilator  
  51  4:51  Probe (Chrono Boost)  
  52  4:55  Adept  
  52  4:56  Probe (Chrono Boost)  
  52  4:58  Observer  
  55  5:02  Probe (Chrono Boost), Forge  
  55  5:05  Pylon  
  57  5:09  Probe (Chrono Boost)  
  57  5:11  Adept  
  57  5:13  Probe (Chrono Boost)  
  61  5:21  Probe (Chrono Boost), Observer  
  62  5:24  Probe (Chrono Boost)  
  64  5:33  Probe (Chrono Boost)  
  64  5:34  Probe (Chrono Boost)  
  66  5:45  Probe x2 (Chrono Boost)  
  68  5:53  Nexus  
  68  5:55  Probe (Chrono Boost)  
  70  5:57  Probe (Chrono Boost)  
  70  5:58  Resonating Glaives  
  70  5:59  Protoss Ground Weapons Level 1  
  70  6:07  Probe (Chrono Boost)  
  70  6:09  Probe (Chrono Boost)  
  70  6:11  Photon Cannon  
  68  6:13  Photon Cannon  
  68  6:17  Probe (Chrono Boost), Photon Cannon  
  68  6:18  Pylon  
  67  6:21  Probe (Chrono Boost)  
  68  6:28  Probe (Chrono Boost)  
  68  6:32  Pylon  
  69  6:34  Pylon  
  69  6:36  Immortal  
  69  6:37  Probe (Chrono Boost)  
  74  6:41  Adept x2  
  78  6:53  Adept, Photon Cannon  
  80  7:01  Pylon  
  80  7:04  Pylon  
  80  7:13  Forge  
  80  7:14  Warp Prism  
  82  7:16  Assimilator  
  82  7:17  Pylon  
  82  7:23  Adept  
  82  7:24  Adept x2  
  83  7:32  Probe (Chrono Boost)  
  83  7:34  Probe (Chrono Boost)  
  83  7:40  Assimilator  
  83  7:42  Probe (Chrono Boost)  
  84  7:44  Stalker x2  
  84  7:45  Stalker  
  84  7:47  Probe (Chrono Boost)  
  87  7:53  Probe (Chrono Boost)  
  87  7:56  Pylon  
  83  8:02  Pylon  
  83  8:03  Probe (Chrono Boost)  
  82  8:07  Probe (Chrono Boost)  
  82  8:08  Probe (Chrono Boost)  
  82  8:11  Protoss Ground Armor Level 1  
  84  8:15  Probe (Chrono Boost)  
  84  8:19  Templar Archives  
  85  8:21  Sentry x3  
  85  8:23  Probe (Chrono Boost)  
  85  8:24  Probe (Chrono Boost)  
  85  8:25  Gateway  
  94  8:27  Probe (Chrono Boost), Gateway  
  94  8:29  Gateway  
  94  8:30  Pylon  
  94  8:32  Blink  
  95  8:34  Probe (Chrono Boost)  
  95  8:35  Photon Cannon  
  95  8:36  Probe (Chrono Boost)  
  95  8:44  Adept  
  95  8:45  Adept x2  
  100  8:56  Gateway  
  100  8:58  Gateway  
  99  9:03  Nexus  
  99  9:08  Adept x3  
  104  9:13  Pylon  
  104  9:25  Pylon  
  104  9:29  Adept x4  
  112  9:35  Adept  
  112  9:36  Adept  
  116  9:52  Nexus  
  114  9:54  High Templar  
  114  9:55  High Templar  
  114  9:59  High Templar, Archon  
  106  10:00  High Templar x2  
  106  10:06  Probe (Chrono Boost)  
  109  10:09  Probe (Chrono Boost)  
  109  10:12  Adept  
  112  10:16  Archon  
  102  10:28  Adept x2  
  91  10:37  Nexus  
  91  10:38  Zealot  
  89  10:50  High Templar  
  89  10:51  High Templar x3  
  97  10:59  Archon x2  
  97  11:02  High Templar x2  
  101  11:04  Archon  
  101  11:10  Photon Cannon  
  101  11:23  Pylon  
  101  11:30  Photon Cannon  
  101  11:32  Adept  
  97  11:33  Adept x2  
  97  11:44  Zealot x2  
  82  11:54  Adept x2  
  82  12:00  Adept x2  
  74  12:07  High Templar x3  
  74  12:08  High Templar  
  74  12:09  Archon  
  74  12:15  Adept x2  
  65  12:29  Adept  
Show
View Real Time Build Order
Export as new Build Order

MoonLjth Protoss 

Build Orders:  

Get SALT Encoding   

  12  0:01  SCV  
  13  0:13  SCV  
  14  0:19  Supply Depot  
  14  0:25  SCV  
  15  0:40  SCV  
  16  0:45  Barracks  
  16  0:50  Refinery  
  16  0:52  SCV  
  17  1:05  SCV  
  18  1:17  SCV  
  19  1:32  Orbital Command  
  19  1:33  Marine  
  19  1:37  Supply Depot  
  20  1:54  Factory  
  20  1:57  Marine  
  21  2:01  SCV  
  22  2:13  SCV, Barracks  
  23  2:17  Marine  
  24  2:26  SCV  
  24  2:27  Bunker  
  25  2:37  Marine  
  25  2:39  Starport  
  25  2:40  Factory Tech Lab  
  25  2:41  SCV  
  27  2:57  Command Center  
  27  3:09  SCV  
  28  3:15  Stimpack  
  28  3:28  SCV  
  28  3:32  Refinery  
  28  3:39  Barracks  
  28  3:40  Supply Depot  
  28  3:42  SCV  
  29  3:52  Medivac  
  29  3:54  SCV  
  31  4:01  Marine  
  31  4:02  Hellion  
  34  4:04  Marauder  
  34  4:06  SCV  
  34  4:07  Supply Depot  
  34  4:09  Orbital Command  
  37  4:24  Marine  
  37  4:26  Marauder  
  37  4:27  Marine  
  38  4:38  Starport Reactor  
  38  4:42  SCV x2  
  40  4:49  Engineering Bay  
  40  4:50  Barracks Reactor  
  40  4:52  Marauder, Barracks, Marine  
  43  5:02  SCV x2  
  45  5:10  Bunker  
  45  5:13  Marine  
  46  5:14  SCV x2, Medivac  
  46  5:16  Marauder  
  52  5:26  SCV  
  52  5:28  SCV  
  54  5:31  Marine  
  54  5:32  Refinery  
  54  5:33  Refinery, Marine x2  
  57  5:37  Concussive Shells  
  57  5:44  Barracks Tech Lab  
  57  5:51  Medivac  
  59  5:57  Barracks  
  59  5:58  Supply Depot  
  59  6:01  SCV x2  
  59  6:02  Supply Depot  
  55  6:12  Marauder x2  
  55  6:13  Marine x2  
  55  6:14  Barracks Tech Lab  
  61  6:19  Terran Infantry Armor Level 1  
  61  6:20  SCV  
  62  6:30  SCV  
  63  6:36  Supply Depot  
  63  6:39  Marauder, Marine x2  
  67  6:49  SCV x2  
  67  6:52  Combat Shields  
  67  6:53  Medivac  
  71  6:54  Medivac  
  73  7:01  SCV x2  
  73  7:02  Supply Depot  
  75  7:10  Marauder x2  
  75  7:11  Marine x2, Marauder  
  75  7:13  Barracks Reactor  
  83  7:17  Supply Depot  
  82  7:31  Marauder  
  82  7:33  Marine, Marauder  
  82  7:34  Marauder, Marine  
  88  7:37  Command Center  
  88  7:39  SCV  
  88  7:40  SCV  
  88  7:43  Medivac  
  92  7:44  Medivac  
  89  8:02  Marauder  
  89  8:03  Marine x2, Marauder x2  
  89  8:04  Marine x2  
  87  8:07  SCV x2  
  89  8:13  Supply Depot  
  89  8:14  Supply Depot  
  89  8:19  SCV  
  90  8:23  Medivac x2  
  90  8:24  Marine  
  95  8:32  Armory  
  95  8:33  Terran Infantry Weapons Level 1  
  95  8:35  SCV  
  96  8:45  Marine x2, Marauder x2  
  102  8:48  SCV  
  102  8:49  SCV  
  102  8:53  Planetary Fortress  
  104  9:05  Engineering Bay  
  104  9:06  Supply Depot  
  104  9:11  Refinery  
  104  9:13  Refinery  
  104  9:14  Marine, Marauder x2  
  109  9:26  Marauder, Marine x2  
  109  9:27  Marine  
  113  9:43  SCV x3  
  89  10:06  Marine, Marauder x3  
  89  10:07  Marine  
  91  10:25  Missile Turret  
  88  10:30  Marine x4  
  88  10:31  Marauder x2  
  91  10:37  Missile Turret  
  91  10:38  SCV x3, Missile Turret  
  86  10:50  SCV  
  86  10:51  Marauder, Marine x2  
  91  11:02  Marauder x2, Marine x2  
  97  11:09  Marine  
  98  11:17  Missile Turret  
  98  11:19  Missile Turret  
  96  11:35  Command Center  
  98  11:40  Marine, Marauder  
  88  11:48  Marauder  
  88  11:49  Marine x2  
  79  11:57  SCV x3  
  75  12:11  Marauder  
  75  12:12  Marine x3, Marauder  
  78  12:29  SCV  
  80  12:30  SCV x2  
  89  12:45  Refinery  
Show
View Real Time Build Order
Export as new Build Order

Polybius Terran - Winner!

Build Orders:  

Get SALT Encoding   

Show
View Real Time Build Order
Export as new Build Order

ThanksObama Terran - Winner!

Build Orders:  

Get SALT Encoding   

Tags
 
Add a new tag
Caveats
  • Supply blocks, unpowered buildings, or Contaminate may cause inaccurate times.
  • Supply counts are checked every 10 seconds.